 Dungeon Sprint DCSS version 0.26-a0-180-ge96aa7da28 (webtiles) character file.

Game seed: 12205798359361508969

14 Apogee the Cleaver (level 2, -11/31 HPs)
             Began as a Hill Orc Fighter on July 3, 2020.
             Was a Follower of Lugonu.
             Killed from afar by a green death (17 damage)
             ... with a bolt of poison
             ... in the Dungeon (Sprint V: "Ziggurat Sprint").
             The game lasted 00:01:25 (95 turns).

Apogee the Cleaver (Hill Orc Fighter)                 Turns: 95, Time: 00:01:26

Health: -11/31     AC: 26    Str: 30    XL:     2   Next: 45%
Magic:  2/2        EV:  0    Int:  8    God:    Lugonu [*.....]
Gold:   0          SH: 28    Dex: 10    Spells: 1/1 levels left

rFire    . . .     SeeInvis .   a - +0 war axe
rCold    . . .     Faith    .   N - +18 shield of the Gong {rElec rN+ MR+ EV-5}
rNeg     + . .     Spirit   .   M - +15 Maxwell's patent armour {-Cast -Tele rElec MR+ rCorr}
rPois    .         Reflect  .   (no helmet)
rElec    +         Harm     .   (no cloak)
rCorr    +         NoTele   +   (no gloves)
MR       ++...     NoCast   +   (no boots)
Stlth    ..........             (no amulet)
HPRegen  0.10/turn              I - +6 ring of strength
MPRegen  0.08/turn              J - +6 ring of strength

@: lethally poisoned (-11 -> -50)
A: no striking features
a: Renounce Religion


You were in the Dungeon.
You worshipped Lugonu.
Lugonu was aware of your devotion.
You were not hungry.

You visited 1 branch

Inventory:

Hand Weapons
 a - a +0 war axe (weapon)
 o - a +5 broad axe
 z - the +6 Majin-Bo {vamp, Archmagi MP+6 Int+6}
   (You found it in the Dungeon)

   It inflicts no extra harm, but heals its wielder when it wounds a living foe.
   It affects your intelligence (+6).
   It affects your magic capacity (+6).
 K - the +9 heavy crossbow "Sniper" {vorpal, Acc+∞ SInv}
   (You found it in the Dungeon)

   Any bolt fired from it inflicts extra damage.
   It lets you see invisible.
 L - the +10 dark maul {vorpal}
   (You found it in the Dungeon)

   It inflicts extra damage upon your enemies.
 O - the cursed +14 obsidian axe {vorpal, +Fly SInv *Curse}
   (You found it in the Dungeon)

   It inflicts extra damage upon your enemies.
   It lets you see invisible.
   It lets you fly.
   It curses itself when equipped.
   It has a curse placed upon it.
 P - the +7 great mace "Firestarter" {inner flame, rF++}
   (You found it in the Dungeon)

   It has been specially enchanted to burn those struck by it, causing extra
   injury to most foes and up to half again as much damage against particularly
   susceptible opponents.
   It greatly protects you from fire.
 Q - the +6 shillelagh "Devastator" {shatter}
   (You found it in the Dungeon)
 R - the +11 plutonium sword {*Contam Stlth-}
   (You found it in the Dungeon)

   It causes magical contamination when unequipped.
   It makes you less stealthy.
 S - the +8 lance "Wyrmbane" {slay drac, rPois rF+ rC+ AC+3}
   (You found it in the Dungeon)

   It affects your AC (+3).
   It protects you from fire.
   It protects you from cold.
   It protects you from poison.
 T - the +9 sword of Zonguldrok {reap}
   (You found it in the Dungeon)

   If a monster killed with it leaves a corpse in good enough shape, the corpse
   will be animated as a zombie friendly to the killer.
 U - the cursed +13 scythe of Curses {drain, *Curse}
   (You found it in the Dungeon)

   A truly terrible weapon, it drains the life of those it strikes.
   It curses itself when equipped.
   It has a curse placed upon it.
 V - the +0 sword of Power
   (You found it in the Dungeon)
 W - the +7 mace of Variability {chain chaos}
   (You found it in the Dungeon)

   Each time it hits an enemy it has a different, random effect.
 X - the +7 Singing Sword {vorpal, sonic wave}
   (You found it in the Dungeon)

   It inflicts extra damage upon your enemies.
 Y - the +8 storm bow {elec, penet}
   (You found it in the Dungeon)

   It charges the ammunition it shoots with electricity; occasionally upon a
   hit, such missiles may discharge and cause terrible harm.
   Ammo fired by it will pass through the targets it hits, potentially hitting
   all targets in its path until it reaches maximum range.
Armour
 b - a +0 scale mail
 c - a +0 kite shield
 l - a +3 buckler
 m - a +3 kite shield
 n - a +3 tower shield
 M - the +15 Maxwell's patent armour (worn) {-Cast -Tele rElec MR+ rCorr}
   (You found it in the Dungeon)

   It insulates you from electricity.
   It affects your resistance to hostile enchantments.
   It prevents spellcasting.
   It prevents most forms of teleportation.
   It provides partial protection from all sources of acid and corrosion.
 N - the +18 shield of the Gong (worn) {rElec rN+ MR+ EV-5}
   (You found it in the Dungeon)

   It affects your evasion (-5).
   It insulates you from electricity.
   It protects you from negative energy.
   It affects your resistance to hostile enchantments.
Jewellery
 D - an uncursed ring of flight
 E - a +6 ring of dexterity
 F - a +6 ring of dexterity
 G - a +6 ring of intelligence
 H - a +6 ring of intelligence
 I - a +6 ring of strength (left hand)
 J - a +6 ring of strength (right hand)
Wands
 y - a wand of disintegration (7)
 B - a wand of iceblast (7)
 C - a wand of acid (7)
Scrolls
 k - 4 scrolls of blinking {!r}
 p - 4 scrolls of amnesia
 q - 7 scrolls of fog
 r - a scroll of holy word
 s - 5 scrolls of identify
 t - 5 scrolls of remove curse
 u - 2 scrolls of fear
Potions
 d - 6 potions of might
 e - 10 potions of curing
 g - 10 potions of heal wounds
 h - 6 potions of haste
 i - 7 potions of magic
 j - 3 potions of berserk rage {!q}
 v - 2 potions of brilliance
 w - 2 potions of invisibility
 x - 4 potions of resistance
 A - 5 potions of stabbing
Comestibles
 f - 7 rations


   Skills:
 + Level 6.4 Fighting
 + Level 8.5 Axes
 + Level 3.4 Armour
 + Level 3.4 Shields


You had one spell level left.
You didn't know any spells.
Your spell library was empty.

Dungeon Overview and Level Annotations

Branches:
Dungeon (1/1)

Altars:
Ashenzari
Cheibriados
Dithmenos
Elyvilon
Fedhas
Gozag
Hepliaklqana
Kikubaaqudgha
Makhleb
Nemelex Xobeh
Okawaru
Qazlal
Ru
Sif Muna
Trog
Uskayaw
Vehumet
Wu Jian
Xom
Yredelemnul
Zin
The Shining One
Beogh
Jiyva
Lugonu

Annotations:
D 1 transporter


Message History

BONNNG!
You slice the green death!!
The green death is heavily wounded.
You slash the shadow imp!
You kill the shadow imp!
Lugonu accepts your kill.
* * * LOW HITPOINT WARNING * * *
You feel sick. You block the green death's attack.
SHROANNG!
You block the green death's attack.
GONNNNG!
Your shield and Maxwell's patent armour prevent you from hitting the green death.
The green death is heavily wounded.
* * * LOW HITPOINT WARNING * * *
You feel sick. The green death gestures at you. The bolt of poison hits you!
You are more poisoned.
Ouch! That really hurt!
You die...

▓▓▓▓▓▓▓
▓.8©8.▓
▓.....▓
▓.).|.▓
▓.....▓
▓..2@.▓
▓..©..▓
▓▓▓▓▓▓▓


You could see a green death.

Vanquished Creatures
  A shadow imp (D)
1 creature vanquished.

Vanquished Creatures (others)
  Dowan (D)
1 creature vanquished.

Grand Total: 2 creatures vanquished

Notes
Turn   | Place    | Note
-------+----------+-------------------------------------------
     0 | D        | Apogee the Hill Orc Fighter began the quest for the Orb.
     0 | D        | Reached XP level 1. HP: 19/19 MP: 1/1
     3 | D        | Found a blossoming altar of Fedhas.
     4 | D        | Found the +6 Majin-Bo {vamp, Archmagi MP+6 Int+6}
     4 | D        | Found the +7 great mace "Firestarter" {inner flame, rF++}
     7 | D        | Found a viscous altar of Jiyva.
     7 | D        | Found a hazy altar of Hepliaklqana.
     7 | D        | Found a transporter.
     7 | D        | Found an opulent altar of Gozag.
     7 | D        | Found an ancient bone altar of Kikubaaqudgha.
     7 | D        | Found a corrupted altar of Lugonu.
    11 | D        | Found a burning altar of Makhleb.
    12 | D        | Found a sacrificial altar of Ru.
    12 | D        | Found a stormy altar of Qazlal.
    12 | D        | Found a shimmering blue altar of Sif Muna.
    12 | D        | Found an iron altar of Okawaru.
    12 | D        | Found a bloodstained altar of Trog.
    12 | D        | Found a sparkling altar of Nemelex Xobeh.
    29 | D        | Killed Dowan
    31 | D        | Became a worshipper of Lugonu the Unformed
    31 | D        | Reached * piety under Lugonu
    38 | D        | Reached skill level 8 in Axes
    38 | D        | Reached XP level 2. HP: 30/30 MP: 2/2
    52 | D        | Found the +9 heavy crossbow "Sniper" {vorpal, Acc+∞ SInv}
    52 | D        | Found the +10 dark maul {vorpal}
    52 | D        | Found the +15 Maxwell's patent armour {-Cast -Tele rElec
                  | MR+ rCorr}
    52 | D        | Found the +18 shield of the Gong {rElec rN+ MR+ EV-5}
    52 | D        | Found the cursed +14 obsidian axe {vorpal, +Fly SInv
                  | *Curse}
    54 | D        | Found the +6 shillelagh "Devastator" {shatter}
    54 | D        | Found the +11 plutonium sword {*Contam Stlth-}
    54 | D        | Found the +8 lance "Wyrmbane" {slay drac, rPois rF+ rC+
                  | AC+3}
    54 | D        | Found the +9 sword of Zonguldrok {reap}
    54 | D        | Found the cursed +13 scythe of Curses {drain, *Curse}
    54 | D        | Found the +0 sword of Power
    54 | D        | Found the +7 mace of Variability {chain chaos}
    54 | D        | Found the +7 Singing Sword {vorpal, sonic wave}
    54 | D        | Found the +8 storm bow {elec, penet}
    82 | D        | Entered arena 2.
    82 | D        | Noticed a green death
    82 | D        | Found a transporter.
    95 | D        | Killed from afar by a green death

Illustrated notes

Levels and vault maps discovered:
D:        sprint_v [room_start, room_1, room_2, room_3, room_4, room_5, room_6,
          room_7, room_8, room_9, room_10, room_11, room_12, room_13, room_14,
          room_15, room_16, room_17, room_18, room_19, room_20, room_21,
          room_22, room_23, room_24, room_25, room_26, room_27]

Skill      XL: |  1 |
---------------+----+-----
Fighting       | 6 |  6.4
Axes           | 8 |  8.5
Armour         | |  3.4
Shields        | |  3.4

Action                   || total
-------------------------++-------
Melee: War axe           ||    12
  Use: Potion            ||     1
Armor: Plate armour      ||     1
Block: Kite shield       ||    17

Table legend:
 A = Non-vault XP
 B = Vault XP
 C = Vault XP percentage of total XP
 D = Non-vault monster count
 E = Vault monster count
 F = Vault count percentage of total count
                 A         B        C        D         E       F
            +---------+---------+-------+---------+---------+-------
      Total |       0 |      11 | 100.0 |       0 |       1 | 100.0
            +---------+---------+-------+---------+---------+-------
          D |       0 |      11 | 100.0 |       0 |       1 | 100.0
            +---------+---------+-------+---------+---------+-------
